 Dungeon Crawl Stone Soup version 0.27-a0-679-g77a6b55cf3 (webtiles) character file.

Game seed: 8351404020385947549

42 nightchill the Sneak (level 3, -2/22 HPs)
             Began as a Kobold Brigand on Mar 18, 2021.
             Slain by a gnoll
             ... wielding a +0 club
              (6 damage)
             ... on level 2 of the Dungeon.
             The game lasted 00:02:43 (2333 turns).

nightchill the Sneak (Kobold Brigand)               Turns: 2333, Time: 00:02:44

Health: -2/22      AC:  6    Str:  8    XL:     3   Next: 80%
Magic:  3/3        EV: 12    Int: 12    God:
Gold:   48         SH:  0    Dex: 17    Spells: 2/2 levels left

rFire    . . .     SeeInvis .   a - +2 dagger
rCold    . . .     Faith    .   (shield restricted)
rNeg     . . .     Spirit   .   k - +0 ring mail
rPois    .         Reflect  .   (no helmet)
rElec    .         Harm     .   c - +0 cloak
rCorr    .         Rampage  .   (no gloves)
Will     .....                  (no boots)
Stlth    ++++......             (no amulet)
HPRegen  0.07/turn              (no ring)
MPRegen  0.08/turn              (no ring)

@: no status effects
A: small, no large weapons, nightstalker 3
a: no special abilities


You were on level 2 of the Dungeon.
You visited 1 branch of the dungeon, and saw 2 of its levels.

You collected 48 gold pieces.

Inventory:

Hand Weapons
 a - a +2 dagger (weapon)
Missiles
 d - 15 poisoned darts (quivered)
 e - 2 curare-tipped darts
Armour
 b - a +0 robe
 c - a +0 cloak (worn)
 f - a +0 chain mail
 k - a +0 ring mail (worn)
Magical Staves
 m - a staff of earth
Jewellery
 h - a +6 ring of strength
 l - a ring of poison resistance
Scrolls
 g - 3 scrolls of teleportation {unknown}
 i - a scroll of identify {unknown}
 j - a scroll of immolation {unknown}
 n - a scroll of enchant weapon {unknown}
 o - a scroll of magic mapping {unknown}
 p - a scroll of blinking {unknown}
Potions
 q - a potion of heal wounds {unknown}


   Skills:
 + Level 2.7 Fighting
 - Level 2.6(3.3) Short Blades
 * Level 1.7(2.0) Long Blades
 - Level 2.1 Throwing
 - Level 1.2 Dodging
 + Level 5.8 Stealth


You had 2 spell levels left.
You didn't know any spells.
Your spell library was empty.

Dungeon Overview and Level Annotations

Branches:
Dungeon (2/15)

Altars:
Kikubaaqudgha
Sif Muna


Innate Abilities, Weirdness & Mutations

You are small and have problems with some larger weapons.
You are completely attuned to the shadows.


Message History

You hit the gnoll.
The gnoll is lightly wounded.
The bat hits you but does no damage. The bat closely misses you.
The bat hits you but does no damage.
You hit the bat.
The bat is heavily wounded.
The bat hits you but does no damage. The gnoll hits you with a +0 club.
The bat closely misses you.
You barely miss the bat.
The bat is heavily wounded.
The bat misses you. The gnoll hits you with a +0 club.
You are too injured to fight recklessly!
You are too injured to fight recklessly!
You hit the gnoll but do no damage.
The gnoll is lightly wounded.
The bat closely misses you. The gnoll hits you but does no damage.
You hit the gnoll but do no damage.
The gnoll is lightly wounded.
The bat barely misses you. The gnoll hits you with a +0 club.
* * * LOW HITPOINT WARNING * * *
The bat closely misses you.
You completely miss the gnoll.
The gnoll is lightly wounded.
The gnoll barely misses you.
You hit the gnoll but do no damage.
The gnoll is lightly wounded.
The gnoll barely misses you.
You closely miss the gnoll.
The gnoll is lightly wounded.
You closely miss the gnoll.
The gnoll is lightly wounded.
The gnoll hits you with a +0 club!
* * * LOW HITPOINT WARNING * * *
You barely miss the gnoll.
The gnoll is lightly wounded.
The gnoll hits you but does no damage.
You hit the gnoll.
The gnoll is heavily wounded.
The gnoll hits you with a +0 club.
You die...

#.# .... ..
.#.......#.#
#.#.#.......#.#
#.#.#.......#.#
###.#.# ......#.#
...†..# #.# ..#.#.#
#.# #.#b#...o...#.#
..#g##.....##.###.
####@###$o$###.....
#..#######..####
##.........##
###...##### #..##
#.## #.#


You could see a gnoll and a bat.

Vanquished Creatures
  A worm (D:2)
  2 dart slugs (D:1)
  2 leopard geckos
  5 goblins
  4 hobgoblins (D:1)
  6 kobolds
  A ball python (D:1)
  6 bats (D:1)
  3 frilled lizards (D:1)
  2 rats (D:2)
32 creatures vanquished.

Vanquished Creatures (others)
  3 plants (D:2)
3 creatures vanquished.

Grand Total: 35 creatures vanquished

Notes
Turn   | Place    | Note
-------+----------+-------------------------------------------
     0 | D:1      | nightchill the Kobold Brigand began the quest for the Orb.
     0 | D:1      | Reached XP level 1. HP: 12/12 MP: 1/1
   610 | D:1      | Reached XP level 2. HP: 16/18 MP: 2/2
   887 | D:1      | Reached skill level 1 in Long Blades
  1269 | D:1      | Reached XP level 3. HP: 22/22 MP: 3/3
  1911 | D:2      | Found an ancient bone altar of Kikubaaqudgha.
  1913 | D:2      | Found a shimmering blue altar of Sif Muna.
  2333 | D:2      | Slain by a gnoll

Illustrated notes

Levels and vault maps discovered:
D:1:      matt_arrival_refuge, layout_basic
D:2:      cheibrodos_pilgrimage, layout_loops_corners,
          chequers_temple_overflow_statue_of_worship,
          nicolae_hepliaklqana_hazy_memory

Skill      XL: |  1  2 |
---------------+-------+-----
Long Blades    | 1 |  1.7
Fighting       | |  2.7
Short Blades   | |  2.6
Throwing       | |  2.1
Dodging        | |  1.2
Stealth        | |  5.8

Action                   || total
-------------------------++-------
Melee: Dagger            ||   156
 Stab: Sleeping          ||     6
Armor: Chain mail        ||    42
       Ring mail         ||    14
Dodge: Dodged            ||    57

Table legend: (Time is in decaauts)
 A = Elapsed time spent in this place.
 B = Non-inter-level travel time spent in this place.
 C = Inter-level travel time spent in this place.
 D = Time resting spent in this place.
 E = Time spent auto-exploring this place.
 F = Levels seen in this place.
 G = Mean time per level.
                   A        B        C        D        E       F      G
               +--------+--------+--------+--------+--------+-----+--------+
         Total |   2309 |   2222 |     87 |    725 |   1182 |   2 | 1154.5 |
       Dungeon |   2309 |   2222 |     87 |    725 |   1182 |   2 | 1154.5 |
               +--------+--------+--------+--------+--------+-----+--------+

Top non-repeatable levels by time:
     D:1: 1857 daAuts
     D:2: 452 daAuts
